 Dungeon Crawl Stone Soup version 0.31-a0-1603-gbec6b6ccbf (webtiles) character file.

Game seed: 17415535315852896823

36166 garrulousMonolith the Geomancer (level 13, -7/80 HPs)
             Began as a Gargoyle Earth Elementalist on Dec 15, 2023.
             Was an Elder of Sif Muna.
             Mangled by an eight-headed hydra (12 damage)
             ... on level 5 of the Lair of Beasts on Jan 8, 2024.
             The game lasted 00:26:49 (21315 turns).

garrulousMonolith the Geomancer (GrEE)             Turns: 21315, Time: 00:26:50

Health: -7/80      AC: 27    Str: 12    XL:     13   Next: 88%
Magic:  19/25      EV:  9    Int: 31    God:    Sif Muna [****..]
Gold:   1062       SH: 12    Dex: 10    Spells: 16/28 levels left

rFire   . . .        f - +3 hand axe (elec)
rCold   . . .        E - +3 kite shield {AC+3}
rNeg    + . .        k - +0 ring mail
rPois   ∞            b - +0 helmet
rElec   +            x - +0 cloak
rCorr   .            (no gloves)
SInv    .            G - +0 pair of boots
Will    .....        F - amulet of magic regeneration
Stlth   ++           o - +6 ring of intelligence
HPRegen 0.33/turn    r - ring "Biesuguf" {rElec AC+4 Int+4 Stlth+}
MPRegen 0.59/turn

%: no passive effects
@: no status effects
A: sickness immunity, AC +9, negative energy resistance 1, electricity
resistance, torment resistance 1, petrification resistance
a: Renounce Religion, Channel Magic, Forget Spell, Divine Exegesis


You were on level 5 of the Lair of Beasts.
You worshipped Sif Muna.
Sif Muna was greatly pleased with you.
You visited 3 branches of the dungeon, and saw 17 of its levels.
You also visited: Bailey.

You collected 1062 gold pieces.

Inventory:

Hand Weapons
 f - a +3 hand axe of electrocution (weapon)
 C - a -2 demon whip of venom
 D - the +3 halberd of the Augurer {spect, *Noise rPois Will+ Str+2}
   (You found it on level 9 of the Dungeon)

   Str+2:     It affects your strength (+2).
   rPois:     It protects you from poison Will+: It increases your willpower.
   *Noise:    It may make a loud noise when swung.
Missiles
 j - 28 boomerangs
 I - 3 throwing nets
Armour
 b - a +0 helmet (worn)
 k - a +0 ring mail (worn)
 x - a +0 cloak (worn)
 E - a +3 kite shield of protection (worn)
 G - a +0 pair of boots (worn)
Jewellery
 o - a +6 ring of intelligence (left hand)
 r - the ring "Biesuguf" (right hand) {rElec AC+4 Int+4 Stlth+}
   (You acquired it on level 9 of the Dungeon)

   [ring of protection]

   AC+4:      It affects your AC (+4).
   Int+4:     It affects your intelligence (+4).
   rElec:     It insulates you from electricity.
   Stlth+:    It makes you more stealthy.
 y - a +6 ring of intelligence
 F - an amulet of magic regeneration (around neck)
 K - an amulet of the acrobat
 N - a ring of ice
Wands
 l - a wand of polymorph (23)
 t - a wand of light (31)
 u - a wand of paralysis (19)
 L - a wand of mindburst (9)
Scrolls
 c - 2 scrolls of amnesia
 d - a scroll of fog
 e - 3 scrolls of noise
 p - 2 scrolls of fear
 v - 3 scrolls of teleportation
 B - 2 scrolls of vulnerability
 H - 2 scrolls of revelation
Potions
 a - 6 potions of haste
 g - 4 potions of lignification
 h - 4 potions of enlightenment
 i - 2 potions of berserk rage
 m - 4 potions of resistance
 q - 2 potions of curing
 w - a potion of brilliance
 z - 2 potions of invisibility
 A - 2 potions of attraction
 M - a potion of might


   Skills:
 + Level 9.6 Fighting
 + Level 9.3 Armour
 - Level 4.0 Dodging
 - Level 2.1 Stealth
 + Level 6.7 Shields
 + Level 8.1 Spellcasting
 - Level 12.0 Conjurations
 - Level 3.0 Translocations
 - Level 12.0 Earth Magic
 - Level 2.0 Alchemy
 + Level 8.0 Invocations


You had 16 spell levels left.
You knew the following spells:

 Your Spells              Type           Power      Damage    Failure   Level
a - Sandblast             Erth           100%       2d20      1%          1
b - Stone Arrow           Conj/Erth      100%       3d13      1%          3
c - Passwall              Erth           72%        N/A       1%          3
d - Brom's Barrelling Bo  Conj/Erth      72%        2d9       1%          4
e - Apportation           Tloc           62%        N/A       7%          1

Your spell library contained the following spells:

 Spells                   Type           Power      Damage    Failure   Level
 Sting                    Conj/Alch      100%       1d9       1%          1
 Petrify                  Alch/Erth      54%        N/A       14%         4
 Flame Wave               Conj/Fire      49%        2d12      21%         4
 Gell's Gravitas          Tloc           31%        N/A       22%         3
 Teleport Other           Tloc           31%        N/A       22%         3
 Necrotise                Necr           48%        1d6       24%         1
 Summon Small Mammal      Summ           48%        N/A       24%         1
 Mercury Vapours          Alch/Air       36%        N/A       24%         2
 Ensorcelled Hibernation  Hex/Ice        24%        N/A       36%         2
 Scorch                   Fire           24%        2d6       36%         2
 Volatile Blastmotes      Fire/Tloc      42%        2d13      36%         3
 Inner Flame              Hex/Fire       12%        N/A       58%         3
 Sigil of Binding         Hex            12%        N/A       58%         3
 Olgreb's Toxic Radiance  Alch           25%        N/A       71%         4
 Yara's Violent Unravell  Hex/Alch       9%         3d6       99%         5
 Dispersal                Tloc           15%        N/A       100%        6
 Summon Cactus Giant      Summ           6%         N/A       100%        6
 Enfeeble                 Hex            6%         N/A       100%        7


Dungeon Overview and Level Annotations

Branches:
Dungeon (11/15)            Temple (1/1) D:7            Lair (5/5) D:11
  Swamp (0/4) Lair:3       Spider (0/4) Lair:3          Orc (0/2) D:11
 Bailey (visited)
  Slime: Lair:4-5

Altars:
Ashenzari
Cheibriados
Dithmenos
Elyvilon
Fedhas
Gozag
Hepliaklqana
Kikubaaqudgha
Makhleb
Nemelex Xobeh
Okawaru
Qazlal
Ru
Sif Muna
Trog
Uskayaw
Vehumet
Wu Jian
Xom
Yredelemnul
Zin
The Shining One

Shops:
D:11 *

Annotations:
D:7 3 runed translucent doors, avis's ghost, novice HOSu


Innate Abilities, Weirdness & Mutations

You are immune to sickness and miasma.
Your stone body is resilient. (AC +9)
You are immune to poison.
You resist negative energy. (rN+)
You are resistant to electric shocks. (rElec)
You are resistant to unholy torment.
You are immune to petrification.


Message History

* * * LOW HITPOINT WARNING * * *
The eight-headed hydra bites you but does no damage. x2
The eight-headed hydra barely misses you.
Casting: Sandblast (safe; 1% risk of failure)
Confirm with . or Enter, or press ? or * to list all spells.
Aiming: Sandblast (safe; 1% risk of failure)
Press: ? - help, Shift-Dir - straight line, f/p - eight-headed hydra
Aim: an eight-headed hydra (moderately wounded, 95% to hit)
The blast of sand hits the eight-headed hydra!!
The eight-headed hydra is severely wounded.
The blink frog hits you but does no damage.
The eight-headed hydra bites you but does no damage. x3
The eight-headed hydra bites you!
* * * LOW HITPOINT WARNING * * *
The eight-headed hydra bites you but does no damage.
You block the eight-headed hydra's attack.
The eight-headed hydra bites you but does no damage. x2
You block the blink frog's attack.
You block the eight-headed hydra's attack.
The eight-headed hydra bites you.
* * * LOW HITPOINT WARNING * * *
The eight-headed hydra bites you but does no damage. x2
The eight-headed hydra completely misses you.
The eight-headed hydra bites you but does no damage.
The eight-headed hydra barely misses you.
The eight-headed hydra bites you but does no damage.
Casting: Sandblast (safe; 1% risk of failure)
Confirm with . or Enter, or press ? or * to list all spells.
Aiming: Sandblast (safe; 1% risk of failure)
Press: ? - help, Shift-Dir - straight line, f/p - eight-headed hydra
Aim: an eight-headed hydra (severely wounded, 95% to hit)
The blast of sand hits the eight-headed hydra!!
The eight-headed hydra is almost dead.
The blink frog hits you but does no damage.
The eight-headed hydra bites you but does no damage.
The eight-headed hydra bites you.
* * * LOW HITPOINT WARNING * * *
The eight-headed hydra bites you but does no damage.
The eight-headed hydra bites you!
You die...

#....#.........##
#..........<....# P
#................
.######.P.........##... .
........P#....P..#....
.P##....................
........#...............
...#..D.................
......†@.........P...... #.
.. ......F.................
.##..
#.#.....................
.P..#
...........#..........#
....#
.$.........#..........# ...#
.P.....................###
#..#
................#........#
..##
#...................#..P...
...#
#.............P....P...P.#.#


You could see an eight-headed hydra and a blink frog.

Vanquished Creatures
  An eleionoma (Lair:3)
  Josephine (D:10)
  Fannar (Lair:3)
  2 hydras
  Harold (D:10)
  A catoblepas (Lair:4)
  A two-headed ogre (D:10)
  Amaemon (Lair:2)
  A skyshark (Lair:3)
  A lindwurm (Lair:5)
  A cyclops (D:11)
  Maurice (D:10)
  2 elephants
  4 black mambas
  2 gargoyles
  An orange demon (Lair:2)
  6 cane toads
  A kobold demonologist (D:11)
  An unseen horror (D:10)
  2 rime drakes
  12 komodo dragons
  A meliai (Lair:3)
  3 polar bears
  A troll (D:11)
  Grinder (D:4)
  2 hornets
  7 blink frogs (Lair:5)
  Sigmund (D:2)
  A spriggan (Lair:4)
  30 yaks
  4 wraiths (D:10)
  Eustachio (D:6)
  2 vampire mosquitoes (D:7)
  3 basilisks
  An acid dragon (D:10)
  18 water moccasins
  2 sky beasts (D:8)
  A swamp drake (D:11)
  8 black bears
  11 orc warriors
  An ice beast (D:6)
  20 wolves
  2 ogres
  2 centaurs (D:9)
  3 phantoms
  Blork the orc (D:5)
  A kobold brigand (D:11)
  16 bullfrogs
  A scorpion (D:4)
  3 gnoll sergeants
  A wyvern zombie (D:7)
  32 wights
  4 killer bees (Lair:3)
  6 howler monkeys
  2 electric eels (D:7)
  A jelly (D:7)
  A centaur zombie (D:7)
  3 hounds
  10 orc priests
  Crazy Yiuf (D:5)
  2 gnoll boudas
  8 iguanas
  2 sleepcaps
  Ijyb (D:3)
  Natasha (thrice) (D:4)
  13 orc wizards
  Robin (D:4)
  3 adders
  21 gnolls
  A shadow imp (D:8)
  2 white imps
  2 ufetubi (D:7)
  4 ribbon worms
  2 dart slugs
  68 orcs
  6 endoplasms
  5 giant cockroaches
  13 goblins
  10 hobgoblins
  8 jackals
  10 kobolds
  2 quokkas
  6 ball pythons
  7 bats
  4 frilled lizards
  5 rats
462 creatures vanquished.

Vanquished Creatures (collateral kills)
  3 boulders
3 creatures vanquished.

Vanquished Creatures (others)
  An orc wizard (D:9)
  6 boulders
7 creatures vanquished.

Grand Total: 472 creatures vanquished

Notes
Turn   | Place    | Note
-------+----------+-------------------------------------------
     0 | D:1      | garrulousMonolith the Gargoyle Earth Elementalist began the
                  | quest for the Orb.
     0 | D:1      | Reached XP level 1. HP: 10/10 MP: 3/3
   290 | D:1      | Reached skill level 1 in Transmutations
   316 | D:1      | Reached XP level 2. HP: 16/16 MP: 0/5
   727 | D:2      | Reached XP level 3. HP: 20/20 MP: 1/6
   731 | D:2      | Learned a level 3 spell: Stone Arrow
   734 | D:2      | Learned a level 3 spell: Passwall
  1012 | D:2      | Noticed Sigmund
  1017 | D:2      | Killed Sigmund
  1018 | D:2      | Reached skill level 1 in Fighting
  1018 | D:2      | Reached XP level 4. HP: 20/26 MP: 1/7
  1018 | D:2      | Reached XP level 5. HP: 24/30 MP: 1/8
  1290 | D:2      | Reached skill level 5 in Earth Magic
  1302 | D:2      | Reached XP level 6. HP: 29/35 MP: 5/10
  1990 | D:3      | Noticed Ijyb
  2005 | D:3      | Killed Ijyb
  2592 | D:3      | Got Ackolig's Basics of Spellweaving
  2669 | D:3      | Learned a level 4 spell: Brom's Barrelling Boulder
  2674 | D:4      | Noticed Grinder
  2676 | D:4      | Paralysed by Grinder for 5 turns
  2683 | D:4      | Killed Grinder
  2684 | D:4      | Reached skill level 1 in Armour
  2684 | D:4      | Reached XP level 7. HP: 33/40 MP: 6/11
  2734 | D:4      | Noticed Natasha
  2760 | D:4      | Killed Natasha
  3171 | D:4      | Reached XP level 8. HP: 46/46 MP: 8/12
  3422 | D:4      | Found a blossoming altar of Fedhas.
  3585 | D:4      | Found a stormy altar of Qazlal.
  3610 | D:4      | Noticed Natasha
  3615 | D:4      | Killed Natasha
  3618 | D:4      | Noticed Robin
  3639 | D:4      | Noticed Natasha
  3647 | D:4      | Killed Natasha
  3648 | D:4      | Killed Robin
  4303 | D:5      | Entered Level 5 of the Dungeon
  4363 | D:5      | Found a bloodstained altar of Trog.
  4363 | D:5      | Found a shimmering blue altar of Sif Muna.
  4366 | D:5      | Found a burning altar of Makhleb.
  4372 | D:5      | Became a worshipper of Sif Muna the Loreminder
  4790 | D:5      | Found a runed translucent door.
  4791 | D:5      | Noticed Crazy Yiuf
  4852 | D:5      | Reached skill level 5 in Conjurations
  5671 | D:5      | Noticed Blork the orc
  5675 | D:5      | Killed Blork the orc
  5818 | D:5      | Killed Crazy Yiuf
  5910 | D:6      | Reached XP level 9. HP: 52/52 MP: 7/15
  6071 | D:6      | Noticed Eustachio
  6080 | D:6      | Killed Eustachio
  6214 | D:6      | Reached * piety under Sif Muna
  6435 | D:6      | Found an ornate altar of the Wu Jian Council.
  6722 | D:6      | Reached skill level 1 in Invocations
  7158 | D:7      | Found a staircase to the Ecumenical Temple.
  7167 | Temple   | Entered the Ecumenical Temple
  7191 | D:7      | Found a runed translucent gate.
  7191 | D:7      | Found a runed translucent gate.
  7191 | D:7      | Found a runed translucent gate.
  7191 | D:7      | Noticed avis's ghost (novice HOSu)
  7194 | D:7      | Found a basalt altar of Yredelemnul.
  7311 | D:7      | Reached skill level 5 in Fighting
  7498 | D:7      | Reached XP level 10. HP: 59/59 MP: 10/17
  7907 | D:7      | Noticed a gargoyle
  7912 | D:7      | Reached ** piety under Sif Muna
  7913 | D:7      | Reached skill level 5 in Armour
  7918 | D:7      | Killed a gargoyle
  7919 | D:7      | Reached skill level 5 in Spellcasting
  8550 | D:7      | Found a snail-covered altar of Cheibriados.
  8550 | D:7      | Found a broken altar of Ashenzari.
  9085 | D:8      | Reached skill level 10 in Earth Magic
 10095 | D:9      | Reached *** piety under Sif Muna
 10110 | D:9      | Found a flagged portal.
 10118 | D:9      | Identified the +3 halberd of the Augurer {spect, *Noise
                  | rPois Will+ Str+2}
 10122 | Bailey   | Entered a bailey
 10787 | Bailey   | Reached XP level 11. HP: 63/64 MP: 6/19
 11497 | D:9      | Reached skill level 1 in Shields
 11622 | D:9      | Found a glowing golden altar of the Shining One.
 11959 | D:9      | Identified a scroll of acquirement
 11959 | D:9      | Acquired the ring "Biesuguf" {rElec AC+4 Int+4 Stlth+}
 12008 | D:10     | Entered Level 10 of the Dungeon
 12478 | D:10     | Found a radiant altar of Vehumet.
 12529 | D:10     | Noticed Harold
 12534 | D:10     | Killed Harold
 13153 | D:10     | Noticed Josephine
 13162 | D:10     | Killed Josephine
 13342 | D:10     | Noticed Maurice
 13343 | D:10     | Found a glowing silver altar of Zin.
 13346 | D:10     | Killed Maurice
 13401 | D:10     | Noticed a two-headed ogre
 13405 | D:10     | Killed a two-headed ogre
 13405 | D:10     | Reached **** piety under Sif Muna
 13480 | D:10     | Identified the +5 long sword "Heozar" {vamp, rC+ MP+9 Str-2
                  | Int+2}
 13619 | D:11     | Reached skill level 5 in Invocations
 13624 | D:11     | Noticed a sixfirhy
 14060 | D:11     | Reached XP level 12. HP: 72/72 MP: 3/21
 14103 | D:11     | Found a staircase to the Lair.
 14109 | D:11     | Reached skill level 10 in Conjurations
 14461 | D:11     | Found Oticsyru's Fire Supplies.
 14666 | D:11     | Found a staircase to the Orcish Mines.
 14928 | Lair:1   | Entered Level 1 of the Lair of Beasts
 15910 | Lair:1   | Reached ***** piety under Sif Muna
 16563 | Lair:2   | Noticed a four-headed hydra
 16674 | Lair:2   | Received a gift from Sif Muna
 16679 | Lair:2   | Killed a four-headed hydra
 16682 | Lair:2   | Got Wuloygo's Vellum of Ill Luck and Fever {god gift}
 16689 | Lair:2   | Learned a level 1 spell: Apportation
 16858 | Lair:2   | Reached skill level 5 in Shields
 16948 | Lair:2   | Reached XP level 13. HP: 67/79 MP: 2/23
 17112 | Lair:2   | Noticed Amaemon
 17130 | Lair:2   | Killed Amaemon
 17676 | Lair:3   | Noticed Fannar
 18182 | Lair:3   | Found a hole to the Spider Nest.
 18345 | Lair:3   | Found a sacrificial altar of Ru.
 18350 | Lair:3   | Found a staircase to the Swamp.
 18350 | Lair:3   | Noticed an eleionoma
 18860 | Lair:3   | Killed an eleionoma
 18932 | Lair:3   | Killed Fannar
 19159 | Lair:3   | Upgraded the game from 0.31-a0-1237-gabc64e778c to
                  | 0.31-a0-1603-gbec6b6ccbf
 19882 | Lair:4   | Reached skill level 1 in Translocations
 20541 | Lair:5   | Entered Level 5 of the Lair of Beasts
 20689 | Lair:5   | Received a gift from Sif Muna
 21315 | Lair:5   | Mangled by an eight-headed hydra

Illustrated notes

Levels and vault maps discovered:
D:1:      minmay_arrival_loop, layout_basic
D:2:      layout_loops_cross, uniq_sigmund
D:3:      layout_basic, minmay_misc_feat_more_columns, lemuel_flame_loot_1,
          uniq_ijyb
D:4:      layout_rooms, grunt_temple_overflow_forces_of_nature, uniq_natasha,
          uniq_grinder, uniq_robin
D:5:      layout_gridville, grunt_temple_overflow_open, uniq_blork_the_orc,
          uniq_crazy_yiuf_cottage
D:6:      layout_basic, mainiacjoe_overflow_alcove_2,
          amcnicky_mini_rare_corridor_liquid, minmay_statues_item,
          uniq_eustachio
D:7:      statuecave_lemuel, layout_loops_ring,
          nicolae_yredelemnul_ghost_church, gammafunk_temple_overflow_pools,
          minmay_temple_entry_overgrown, kennysheep_generic_room_2
D:8:      layout_loops_ring, nicolae_fountain_basement
D:9:      layout_basic, mainiacjoe_overflow_boulevard, enter_bailey_2,
          dk_vineyard_1
D:10:     layout_basic, nicolae_vehumet_radiance, lemuel_tele_altar,
          uniq_maurice, uniq_josephine, uniq_harold
D:11:     layout_irregular_city, grunt_lair_entry_orc_guard_hut, erik_orc_1,
          nicolae_shop_fire_sale [nicolae_sub_dead_trees]
Temple:   dpeg_chambers_temple
Lair:1:   layout_cave_pods
Lair:2:   layout_cave_pods, uniq_amaemon
Lair:3:   layout_cave_pods, alex1729_swamp_entry_worm_eleionoma,
          hellmonk_spider_entry_not_the_bees, basic_altar, grunt_megastairs_5,
          lemuel_fruit_fields, uniq_fannar
Lair:4:   layout_cave_pods, grunt_forest_stairs_clearing
Lair:5:   due_jungle_book, layout_misc_corridors,
          minmay_slime_entry_oklob_enclosed, eino_house_with_fridge,
          grunt_megastairs_2

Skill      XL: |  1  2  3  4  5  6  7  8  9 10 11 12 13 |
---------------+----------------------------------------+-----
Transmutations | 1 2 3 |  0.0
Earth Magic    | 4 5 6 7 9 10 11 12 | 12.0
Fighting       | 1 2 3 4 5 6 7 8 9 |  9.6
Dodging        | 2 3 4 |  4.0
Conjurations   | 2 3 4 5 7 8 9 11 12 | 12.0
Armour         | 1 2 3 4 5 6 8 9 |  9.3
Spellcasting   | 3 4 5 6 7 8 |  8.1
Invocations    | 2 3 5 6 8 |  8.0
Shields        | 3 5 6 |  6.7
Alchemy        | 2 |  2.0
Translocations | 3 |  3.0
Stealth        | |  2.1

Action                     |  1- 3 |  4- 6 |  7- 9 | 10-12 | 13-15 || total
---------------------------+-------+-------+-------+-------+-------++-------
  Melee: Unarmed           |    29 |     1 |       |       |       ||    30
         Hand axe          |       |       |    37 |   115 |    46 ||   198
   Cast: Sandblast         |    39 |    62 |    95 |   161 |   104 ||   461
         Stone Arrow       |       |       |    92 |   289 |   125 ||   506
         Brom's Barrelling |       |       |     4 |     3 |     2 ||     9
         Passwall          |       |       |       |     2 |       ||     2
         Flame Wave        |       |       |       |       |     1 ||     1
 Invoke: Channel Magic     |       |       |       |     1 |       ||     1
         Divine Exegesis   |       |       |       |       |     1 ||     1
  Evoke: Wand              |       |       |       |     1 |     1 ||     2
    Use: Potion            |     1 |       |     1 |     8 |     2 ||    12
         Scroll            |       |       |     5 |    12 |    11 ||    28
 Armour: Robe              |    55 |    21 |       |       |       ||    76
         Leather armour    |       |     7 |    98 |       |       ||   105
         Ring mail         |       |       |    40 |   448 |   268 ||   756
  Dodge: Dodged            |    63 |    22 |   121 |   176 |   115 ||   497
  Block: Kite shield       |       |       |       |   198 |   174 ||   372

Table legend: (Time is in decaauts)
 A = Elapsed time spent in this place.
 B = Non-inter-level travel time spent in this place.
 C = Inter-level travel time spent in this place.
 D = Time resting spent in this place.
 E = Time spent auto-exploring this place.
 F = Levels seen in this place.
 G = Mean time per level.
                   A        B        C        D        E       F      G
               +--------+--------+--------+--------+--------+-----+--------+
         Total |  21674 |  21254 |    420 |   3854 |  14163 |  18 | 1204.1 |
       Dungeon |  14196 |  13934 |    262 |   2217 |   9637 |  11 | 1290.5 |
        Temple |      1 |      1 |      0 |      0 |      0 |   1 |    1.0 |
          Lair |   6490 |   6333 |    157 |   1314 |   4011 |   5 | 1298.0 |
        Bailey |    986 |    986 |      0 |    322 |    514 |   1 |  986.0 |
               +--------+--------+--------+--------+--------+-----+--------+

Top non-repeatable levels by time:
     D:7: 1780 daAuts
  Lair:4: 1642 daAuts
    D:10: 1580 daAuts
  Lair:2: 1552 daAuts
  Lair:3: 1548 daAuts
     D:5: 1527 daAuts
     D:4: 1517 daAuts
    D:11: 1414 daAuts
     D:6: 1251 daAuts
  Lair:1: 1215 daAuts
     D:8: 1165 daAuts
     D:3: 1145 daAuts
     D:9: 1009 daAuts
     D:2: 999 daAuts
  Bailey: 986 daAuts
